 Dungeon Crawl Stone Soup version 0.21.1-1-g345015f (webtiles) character file.

359 Inarius the Chiller (level 6, 0/37 HPs)
             Began as an Octopode Ice Elementalist on June 22, 2018.
             Slain by Duvessa
             ... wielding a +0 short sword
              (7 damage)
             ... on level 3 of the Dungeon.
             The game lasted 00:09:03 (3140 turns).

Inarius the Chiller (Octopode Ice Elementalist)     Turns: 3140, Time: 00:09:04

Health: 0/37       AC:  7    Str:  8    XL:     6   Next: 65%
Magic:  3/11       EV: 13    Int: 19    God:
Gold:   204        SH:  3    Dex: 12    Spells: 4/12 levels left

rFire    . . .     SeeInvis .   n - +4 dagger
rCold    . . .     Gourm    .   f - +0 buckler
rNeg     . . .     Faith    .   (helmet restricted)
rPois    .         Spirit   .   (no amulet)
rElec    .         Reflect  .   (no ring)
rCorr    .         Harm     .   (no ring)
MR       .....                  (no ring)
Stlth    +++.......             (no ring)
HPRegen  0.12/turn              (no ring)
MPRegen  0.12/turn              (no ring)
                                (no ring)
                                (no ring)

@: icy armour, about to teleport, slow
A: almost no armour, stealthy swim, amphibious, 8 rings, constrict 8, camouflage
1, gelatinous body 1
a: no special abilities


You were on level 3 of the Dungeon.
You were not hungry.

You visited 1 branch of the dungeon, and saw 4 of its levels.

You collected 204 gold pieces.

Inventory:

Hand Weapons
 n - a +4 dagger (weapon)
Armour
 f - a +0 buckler (worn)
Wands
 e - a wand of polymorph (19)
Scrolls
 g - a scroll of immolation {unknown}
 h - a scroll of teleportation
 j - a scroll of remove curse
 m - 2 scrolls of blinking {unknown}
Potions
 c - a potion of flight
 i - a potion of berserk rage {unknown}
 k - a potion of agility {unknown}
 l - 4 potions of resistance
 o - a potion of brilliance {unknown}
 p - a potion of heal wounds
 q - a potion of lignification {unknown}
Books
 a - a book of Frost

   Spells                             Type                      Level
   a - Freeze                         Ice                          1
   b - Throw Frost                    Conjuration/Ice              2
   c - Ozocubu's Armour               Charms/Ice                   3
   d - Throw Icicle                   Conjuration/Ice              4
   e - Summon Ice Beast               Ice/Summoning                4
Comestibles
 b - 11 rations
 d - a chunk of flesh


   Skills:
 + Level 0.4 Fighting
 + Level 2.6 Dodging
 - Level 4.0 Stealth
 + Level 0.9 Shields
 + Level 3.9 Spellcasting
 + Level 1.0 Conjurations
 + Level 0.7 Charms
 * Level 5.0 Ice Magic


You had 4 spell levels left.
You knew the following spells:

 Your Spells              Type           Power        Failure   Level  Hunger
a - Freeze                Ice            ###.         2%          1    None
b - Ozocubu's Armour      Chrm/Ice       ##......     19%         3    ###....
c - Throw Icicle          Conj/Ice       ###.....     50%         4    ####...


Dungeon Overview and Level Annotations

Branches:
Dungeon (4/15)
 Temple: D:4-7

Altars:
Trog
Wu Jian
Yredelemnul

Annotations:
D:3 Dowan; Duvessa
D:4 n0claF's ghost, amateur GrEE


Innate Abilities, Weirdness & Mutations

You cannot wear most types of armour.
You are very stealthy in the water. (Stealth+)
You are amphibious.
You can wear up to eight rings at the same time.
You can use your tentacles to constrict eight enemies at once.
Your skin changes colour to match your surroundings (Stealth+).
Your rubbery body absorbs attacks. (AC +1, EV +1)


Message History

Duvessa is moderately wounded.
Duvessa misses you. Dowan closely misses you.
Casting: Freeze
Confirm with . or Enter, or press ? or * to list all spells.
Aiming: Freeze
Press: ? - help, Shift-Dir - straight line, f/p - Duvessa
Aim: Duvessa, wielding a short sword and wearing a leather armour (moderately wounded, fast)
You freeze Duvessa.
Duvessa is heavily wounded.
Duvessa hits you with a short sword.
* * * LOW HITPOINT WARNING * * *
Duvessa hits you with a short sword.
* * * LOW HITPOINT WARNING * * *
Dowan gestures wildly while chanting.
Dowan blinks!
Unknown command.
As you read the scroll labeled TUOSHI XATHRUMP, it crumbles to dust.
You feel strangely unstable.
It was a scroll of teleportation.
Duvessa hits you with a short sword!
You die...

######## #@e>...#
#.ยง....# #......# ##
#e...).# .##
#######......#
..########............#
......................#
..#####..#............#
### ###.#.........#..#


You could see Duvessa and Dowan.

Vanquished Creatures
  A bullfrog (D:4)
  A hound (D:4)
  Jessica (D:2)
  Natasha (thrice) (D:3)
  A worker ant (D:4)
  4 adders
  An ooze (D:4)
  2 worms (D:2)
  7 dart slugs
  A leopard gecko (D:4)
  5 orcs (D:3)
  A ball python (D:4)
  8 bats
  2 giant cockroaches
  5 goblins
  12 hobgoblins
  3 jackals (D:3)
  7 frilled lizards
  9 kobolds
  7 rats
81 creatures vanquished.

Notes
Turn   | Place    | Note
-------+----------+-------------------------------------------
     0 | D:1      | Inarius the Octopode Ice Elementalist began the quest for the Orb.
     0 | D:1      | Reached XP level 1. HP: 11/11 MP: 3/3
   153 | D:1      | Reached XP level 2. HP: 17/17 MP: 1/5
   435 | D:1      | Reached XP level 3. HP: 19/21 MP: 4/6
   881 | D:2      | Learned a level 3 spell: Ozocubu's Armour
  1000 | D:2      | Found an ornate altar of the Wu Jian Council.
  1003 | D:2      | Noticed Jessica
  1009 | D:2      | Killed Jessica
  1009 | D:2      | Reached XP level 4. HP: 22/27 MP: 4/7
  1410 | D:2      | Learned a level 4 spell: Throw Icicle
  1716 | D:2      | Reached skill level 4 in Ice Magic
  1777 | D:2      | Found a basalt altar of Yredelemnul.
  1951 | D:3      | Reached XP level 5. HP: 27/31 MP: 9/9
  1997 | D:3      | Noticed Natasha
  2010 | D:3      | Killed Natasha
  2026 | D:3      | Noticed Natasha
  2106 | D:3      | Killed Natasha
  2145 | D:3      | Noticed Natasha
  2286 | D:3      | Killed Natasha
  2652 | D:4      | Reached XP level 6. HP: 37/37 MP: 8/10
  2851 | D:4      | Found a bloodstained altar of Trog.
  2977 | D:4      | Noticed n0claF's ghost (amateur GrEE)
  3101 | D:4      | Noticed Duvessa
  3103 | D:4      | Noticed Dowan
  3103 | D:4      | Reached skill level 5 in Ice Magic
  3140 | D:3      | Slain by Duvessa

Skill      XL: |  1  2  3  4  5  6 |
---------------+-------------------+-----
Stealth        | 3 4 |  4.0
Ice Magic      | 4 5 |  5.0
Spellcasting   | 3 |  3.9
Fighting       | |  0.4
Dodging        | |  2.6
Shields        | |  0.9
Conjurations   | |  1.0
Charms         | |  0.7

Action                   |  1- 3 |  4- 6 || total
-------------------------+-------+-------++-------
Melee: Unarmed           |    10 |       ||    10
       Spear             |    24 |       ||    24
       Constrict         |    17 |    25 ||    42
       Tentacles         |     9 |    12 ||    21
       Dagger            |    32 |    81 ||   113
 Cast: Freeze            |    20 |    29 ||    49
       Ozocubu's Armour  |       |    11 ||    11
       Throw Icicle      |       |     2 ||     2
Evoke: Wand              |       |     1 ||     1
  Use: Scroll            |       |     6 ||     6
       Potion            |       |     1 ||     1
 Stab: Sleeping          |    11 |     4 ||    15
  Eat: Chunk             |     1 |     8 ||     9
Armor: Skin              |     9 |    18 ||    27
Dodge: Dodged            |    51 |    63 ||   114
Block: Buckler           |     7 |    10 ||    17
